AoeStats
← VakorTV

African Clearing

505449861Analyzed
4v4 RM · 22d ago on Sep 9, 2026· 51m 48s· 8 players
Game mode
Random Map
Map size
Large (8 player)
Population
200
Speed
Normal
Resources
Standard
Victory
Conquest
Starting age
Dark Age
Ending age
Imperial Age
RankedLock teamsTeams togetherTeam positionsShared explorationLock speedFull tech treeHidden civsTurbo modeCheats
Victory
Defeat
🇹🇷 Mongols · Türkiye
1255
+15
🇺🇸 Lithuanians · United States
1243
+15
🇵🇪 Mongols · Peru
1235
+16
🇦🇷 Persians · Argentina
1233
+16
🇹🇼 Burgundians · Taiwan
1271
-17
🇹🇼 Persians · Taiwan
1241
-16
🇫🇷 Poles · France
1209
-15
🇲🇽 Spanish · Mexico
1199
-14
RaffaEP
3:17 Loom
13:46 Feudal Age
20:18 Castle Age
19:46 Horse Collar
19:59 Double-Bit Axe
20:24 Scale Barding Armor
31:16 Bow Saw
33:56 Wheelbarrow
34:04 Fletching
38:00 Chain Barding Armor
39:56 Forging
40:09 Fervor
41:14 Hand Cart
45:21 Imperial Age
44:01 Bloodlines
43:52 Husbandry
44:37 Iron Casting
48:26 Plate Barding Armor
47:47 Bodkin Arrow
47:54 Scale Mail Armor
49:49 Heavy Plow
H2SO4
6:19 Loom
13:47 Feudal Age
17:21 Castle Age
16:00 Double-Bit Axe
18:05 Bow Saw
18:58 Town Watch
22:52 Fletching
25:06 Bodkin Arrow
26:45 Bloodlines
29:15 Forging
31:33 Scale Barding Armor
31:54 Husbandry
33:22 Padded Archer Armor
34:26 Padded Archer Armor
34:34 Elite Skirmisher
38:07 Imperial Age
36:00 Ballistics
35:56 Leather Archer Armor
37:22 Light Cavalry
38:37 Chain Barding Armor
39:30 Chemistry
39:02 Ring Archer Armor
38:01 Heavy Camel Rider
39:29 Iron Casting
39:23 Bow Saw
40:29 Conscription
40:44 Hussar
42:13 Masonry
43:04 Citadels
44:20 Plate Barding Armor
45:50 Blast Furnace
[BPGr] AynenOyle
3:27 Loom
14:24 Feudal Age
14:28 Feudal Age
20:03 Castle Age
18:57 Double-Bit Axe
20:08 Scale Mail Armor
20:19 Forging
23:36 Fletching
23:35 Horse Collar
28:25 Wheelbarrow
31:13 Bow Saw
30:46 Light Cavalry
31:36 Bloodlines
32:19 Bloodlines
32:09 Husbandry
32:19 Scale Barding Armor
32:50 Iron Casting
32:19 Bodkin Arrow
33:50 Chain Barding Armor
34:56 Gold Mining
34:58 Stone Mining
35:43 Heavy Plow
37:18 Padded Archer Armor
41:30 Imperial Age
39:40 Ballistics
39:31 Masonry
40:15 Murder Holes
41:51 Gold Shaft Mining
41:51 Stone Shaft Mining
41:55 Leather Archer Armor
42:41 Conscription
43:41 Chemistry
42:47 Siege Engineers
43:56 Blast Furnace
42:56 Bracer
43:11 Hussar
44:16 Hand Cart
44:33 Elite Mangudai
45:48 Heavy Camel Rider
47:47 Nomads
El Thony
12:06 Feudal Age
13:42 Double-Bit Axe
14:20 Loom
21:28 Castle Age
20:55 Stone Mining
24:16 Fletching
24:20 Gold Mining
26:04 Husbandry
27:56 Bodkin Arrow
32:44 Wheelbarrow
33:13 Ballistics
33:51 Padded Archer Armor
39:02 Imperial Age
37:50 Bloodlines
38:43 Leather Archer Armor
38:44 Bow Saw
39:58 Bracer
42:36 Chemistry
42:36 Conscription
42:55 Gold Shaft Mining
44:05 Fortified Wall
43:47 Horse Collar
47:56 Scale Barding Armor
47:12 Heavy Camel Rider
48:18 Hand Cart
49:12 Heavy Plow
49:57 Town Watch
49:54 Light Cavalry
51:28 Town Patrol
51:40 Forging
luisignaciogh
5:10 Loom
17:24 Feudal Age
18:52 Wheelbarrow
22:01 Castle Age
23:07 Stone Mining
23:59 Light Cavalry
24:49 Bloodlines
24:40 Husbandry
25:10 Double-Bit Axe
29:08 Ballistics
28:45 Murder Holes
30:04 Fletching
31:35 Forging
31:57 Padded Archer Armor
35:07 Scale Barding Armor
37:48 Imperial Age
36:55 Horse Collar
39:01 Conscription
38:45 Cavalier
43:49 Leather Archer Armor
43:29 Bodkin Arrow
45:18 Paladin
46:17 Gold Mining
happyeric8877
9:30 Loom
12:04 Feudal Age
15:37 Double-Bit Axe
16:53 Scale Barding Armor
22:36 Fletching
24:16 Padded Archer Armor
27:33 Castle Age
27:48 Elite Skirmisher
28:54 Bodkin Arrow
29:15 Leather Archer Armor
30:12 Bow Saw
30:14 Scale Mail Armor
31:46 Ballistics
32:43 Gold Mining
38:38 Chain Barding Armor
40:32 Wheelbarrow
43:36 Imperial Age
41:57 Thumb Ring
42:43 Bloodlines
42:34 Husbandry
43:07 Forging
42:50 Horse Collar
44:56 Chemistry
43:24 Cavalier
44:40 Plate Barding Armor
45:06 Hand Cart
48:38 Savar
50:03 Conscription
49:13 Savar
VakorTV
6:35 Loom
16:47 Feudal Age
23:38 Castle Age
Ta.ToM
9:05 Double-Bit Axe
13:40 Feudal Age
11:55 Loom
19:15 Castle Age
18:01 Bow Saw
18:54 Wheelbarrow
18:54 Scale Barding Armor
19:00 Forging
18:38 Horse Collar
18:58 Gold Mining
18:57 Horse Collar
20:36 Chain Barding Armor
20:44 Cavalier
29:03 Fletching
31:26 Hand Cart
37:13 Imperial Age
35:53 Iron Casting
38:06 Paladin
39:33 Plate Barding Armor
41:28 Blast Furnace
41:55 Husbandry
50:19 Two-Man Saw
Connection lost

Rejoining the realm…

Still unreachable

The connection could not be restored.

Session expired

The server has moved on; the page needs a fresh start.